 Dungeon Sprint DCSS version 0.21-a0-364-gbd1fde4 (webtiles) character file.

5317 Kidiri the Fighter (level 10, -4/111 HPs)
             Began as a Troll Hunter on Oct 14, 2017.
             Was a High Priest of Trog.
             Slain by a tyrant leech (25 damage)
             ... in the Dungeon (Sprint IX: "|||||||||||||||||||||||||||||").
             The game lasted 00:07:01 (1127 turns).

Kidiri the Fighter (Troll Hunter)                   Turns: 1127, Time: 00:07:02

Health: -4/111     AC:  9    Str: 26    XL:     10   Next: 37%
Magic:  9/9        EV: 15    Int:  7    God:    Trog [*****.]
Gold:   0          SH:  0    Dex: 12    Spells: 9/9 levels left

rFire    . . .     SeeInvis .   a - +2 morningstar (protect)
rCold    . . .     Gourm    +   (no shield)
rNeg     . . .     Faith    .   b - +0 robe
rPois    .         Spirit   .   (helmet restricted)
rElec    .         Reflect  .   r - +0 cloak
rCorr    .         Harm     .   (gloves unavailable)
MR       .....     NoTele   +   (boots unavailable)
Stlth    +.........             (no amulet)
HPRegen  0.68/turn              n - +3 ring of strength
MPRegen  0.11/turn              o - +2 ring of protection

@: berserk cooldown, slowed, very slow
A: unfitting armour, claws 3, fast metabolism 3, gourmand, regeneration 1,
shaggy fur 1, tough skin 2
a: Berserk, Trog's Hand, Brothers in Arms, Burn Spellbooks, Renounce Religion


You were in the Dungeon.
You worshipped Trog.
Trog was extremely pleased with you.
You were very full.

You visited 1 branch

Inventory:

Hand Weapons
 a - a +2 morningstar of protection (weapon)
Missiles
 c - 4 large rocks (quivered)
 d - a throwing net
 x - 8 needles of confusion
Armour
 b - a +0 robe (worn)
 r - a +0 cloak (worn)
Jewellery
 n - a +3 ring of strength (left claw)
 o - a +2 ring of protection (right claw)
Wands
 m - a wand of iceblast (7/15)
Scrolls
 k - 3 scrolls of blinking
 l - 3 scrolls of remove curse
 q - a scroll of magic mapping
 s - a scroll of recharging
 u - 3 scrolls of identify
 v - a scroll of fear
 w - a scroll of fog
Potions
 e - 5 potions of curing
 g - 7 potions of heal wounds
 h - a potion of haste
 i - 4 potions of magic
 j - a potion of berserk rage
 p - 2 potions of might
 t - a potion of invisibility
Comestibles
 f - 3 bread rations
 z - 10 chunks of flesh
 A - 2 inedible chunks of flesh


   Skills:
 * Level 10.7 Fighting
 + Level 8.0 Maces & Flails
 + Level 9.0 Throwing
 * Level 10.6 Armour
 * Level 10.7 Dodging
 - Level 0.3 Stealth


You had 9 spell levels left.
You didn't know any spells.

Dungeon Overview and Level Annotations

Branches:
Dungeon (1/1)

Altars:
Cheibriados
Dithmenos
Elyvilon
Fedhas
Gozag
Hepliaklqana
Kikubaaqudgha
Makhleb
Nemelex Xobeh
Okawaru
Qazlal
Ru
Sif Muna
Trog
Uskayaw
Vehumet
Wu Jian
Xom
Yredelemnul
Zin
The Shining One
Beogh
Jiyva
Lugonu


Innate Abilities, Weirdness & Mutations

You are too large for most types of armour.
You have claws for hands.
Your metabolism is lightning-fast.
You like to eat raw meat.
Your natural rate of healing is unusually fast.
You are covered in fur. (AC +1)
You have very tough skin. (AC +2)


Message History

Trog accepts your kill.
Your Maces & Flails skill increases to level 8!
The tyrant leech bites you but does no damage.
Unknown command.
Throwing (i - inventory. (,) - cycle):
c - 6 large rocks (quivered)
Press: ? - help, Shift-Dir - straight line, f - tyrant leech
Aim: a tyrant leech (lightly wounded)
You throw a large rock. The large rock hits the tyrant leech!
The tyrant leech is moderately wounded.
The tyrant leech bites you but does no damage.
The tyrant leech bites you!!
* * * LOW HITPOINT WARNING * * *
The tyrant leech draws strength from your injuries!
Unknown command.
Throwing (i - inventory. (,) - cycle):
c - 5 large rocks (quivered)
Press: ? - help, Shift-Dir - straight line, f/p - tyrant leech
Aim: a tyrant leech (moderately wounded)
You throw a large rock. The large rock misses the tyrant leech.
The tyrant leech bites you!!
You die...

▓▓▓▓▓▓▓▓▓▓▓▓▓▓▓▓▓▓▓▓▓▓▓▓▓▓▓▓▓▓▓▓▓
________________'.........'......
▓▓▓▓▓▓▓▓▓▓▓▓▓▓▓▓▓▓▓▓▓▓▓▓▓▓▓▓▓▓▓▓▓
.................................
▓▓▓▓▓▓▓▓▓▓▓▓▓▓▓▓▓▓▓▓▓▓▓▓▓▓▓▓▓▓▓▓▓
......÷........)@w†(...(
▓▓▓▓▓▓▓▓▓▓▓▓▓▓▓▓▓▓▓▓▓▓▓▓


You could see a tyrant leech.

Vanquished Creatures
  4 lindwurms (D)
  A black mamba (D)
  2 spiny frogs (D)
  A komodo dragon (D)
  A rime drake (D)
  2 hippogriffs (D)
  2 water moccasins (D)
  2 porcupines (D)
  2 ogres (D)
  A wolf (D)
  A centaur (D)
  3 crocodiles (D)
  6 bullfrogs (D)
  A crimson imp (D)
  A jelly (D)
  2 iguanas (D)
  A worker ant (D)
  2 adders (D)
  A worm (D)
  An orc (D)
  A bat zombie (D)
  3 hobgoblins (D)
  A jackal (D)
  A kobold (D)
  A rat (D)
44 creatures vanquished.

Vanquished Creatures (collateral kills)
  2 lindwurms (D)
  A worm (D)
3 creatures vanquished.

Grand Total: 47 creatures vanquished

Notes
Turn   | Place    | Note
-------+----------+-------------------------------------------
     0 | D        | Kidiri the Troll Hunter began the quest for the Orb.
     0 | D        | Reached XP level 1. HP: 19/19 MP: 0/0
    12 | D        | Reached skill level 1 in Armour
    29 | D        | Noticed a crimson imp
    29 | D        | Noticed a centaur
    29 | D        | Noticed an ogre
    35 | D        | Reached XP level 2. HP: 28/28 MP: 1/1
    45 | D        | Killed a crimson imp
    45 | D        | Reached skill level 1 in Maces & Flails
    45 | D        | Reached XP level 3. HP: 33/37 MP: 2/2
    55 | D        | Killed a centaur
    55 | D        | Reached XP level 4. HP: 15/48 MP: 3/3
    57 | D        | Killed an ogre
    57 | D        | Reached skill level 5 in Fighting
    57 | D        | Reached skill level 5 in Throwing
    57 | D        | Reached skill level 5 in Dodging
    57 | D        | Reached XP level 5. HP: 19/57 MP: 4/4
   114 | D        | Found a roughly hewn altar of Beogh.
   114 | D        | Found a snail-covered altar of Cheibriados.
   114 | D        | Found a shadowy altar of Dithmenos.
   114 | D        | Found a white marble altar of Elyvilon.
   114 | D        | Found a blossoming altar of Fedhas.
   114 | D        | Found an opulent altar of Gozag.
   115 | D        | Found a hazy altar of Hepliaklqana.
   149 | D        | Found a viscous altar of Jiyva.
   150 | D        | Found an ancient bone altar of Kikubaaqudgha.
   151 | D        | Found a corrupted altar of Lugonu.
   152 | D        | Found a burning altar of Makhleb.
   153 | D        | Found a sparkling altar of Nemelex Xobeh.
   154 | D        | Found an iron altar of Okawaru.
   155 | D        | Found a stormy altar of Qazlal.
   156 | D        | Found a sacrificial altar of Ru.
   157 | D        | Found a deep blue altar of Sif Muna.
   158 | D        | Found a bloodstained altar of Trog.
   159 | D        | Found a hide-covered altar of Uskayaw.
   160 | D        | Found a radiant altar of Vehumet.
   161 | D        | Found an ornate altar of the Wu Jian Council.
   162 | D        | Found a shimmering altar of Xom.
   163 | D        | Found a basalt altar of Yredelemnul.
   164 | D        | Found a glowing silver altar of Zin.
   165 | D        | Found a glowing golden altar of the Shining One.
   166 | D        | Became a worshipper of Trog the Wrathful
   230 | D        | Reached * piety under Trog
   230 | D        | Reached skill level 5 in Armour
   234 | D        | Reached XP level 6. HP: 29/67 MP: 5/5
   237 | D        | Reached ** piety under Trog
   298 | D        | Noticed a hippogriff
   308 | D        | Killed a hippogriff
   308 | D        | Reached XP level 7. HP: 66/76 MP: 6/6
   338 | D        | Reached *** piety under Trog
   338 | D        | Reached skill level 5 in Maces & Flails
   627 | D        | Noticed a spiny frog
   627 | D        | Noticed a komodo dragon
   636 | D        | Killed a spiny frog
   636 | D        | Reached XP level 8. HP: 44/88 MP: 7/7
   788 | D        | Killed a komodo dragon
   792 | D        | Reached **** piety under Trog
   853 | D        | Noticed a spiny frog
   854 | D        | Noticed a hippogriff
   987 | D        | Killed a spiny frog
   987 | D        | Reached XP level 9. HP: 97/97 MP: 8/8
  1028 | D        | Noticed a black mamba
  1030 | D        | Received a gift from Trog
  1035 | D        | Killed a black mamba
  1036 | D        | Noticed a lindwurm
  1038 | D        | Reached ***** piety under Trog
  1039 | D        | Noticed a rime drake
  1047 | D        | Killed a lindwurm
  1047 | D        | Received a gift from Trog
  1052 | D        | Killed a rime drake
  1052 | D        | Reached skill level 10 in Fighting
  1052 | D        | Reached skill level 10 in Dodging
  1098 | D        | Noticed a lindwurm
  1098 | D        | Noticed a lindwurm
  1098 | D        | Noticed a lindwurm
  1098 | D        | Noticed a lindwurm
  1101 | D        | Received a gift from Trog
  1104 | D        | Noticed a lindwurm
  1105 | D        | Killed a lindwurm
  1105 | D        | Received a gift from Trog
  1105 | D        | Reached skill level 10 in Armour
  1105 | D        | Reached XP level 10. HP: 110/110 MP: 9/9
  1113 | D        | Killed a lindwurm
  1119 | D        | Killed a lindwurm
  1120 | D        | Killed a lindwurm
  1125 | D        | Killed a lindwurm
  1127 | D        | Slain by a tyrant leech

Vault maps used:
D:        linesprint

Skill      XL: |  1  2  3  4  5  6  7  8  9 10 |
---------------+-------------------------------+-----
Fighting       | 2 3 4 5 6 7 8 10 | 10.7
Dodging        | 2 3 4 5 6 7 8 10 | 10.7
Armour         | 1 2 3 4 5 6 7 8 10 | 10.6
Maces & Flails | 1 2 3 4 5 6 7 8 |  8.0
Throwing       | 4 5 6 7 8 9 |  9.0
Stealth        | |  0.3

Action                   |  1- 3 |  4- 6 |  7- 9 | 10-12 || total
-------------------------+-------+-------+-------+-------++-------
Melee: Unarmed           |    33 |       |       |       ||    33
       Morningstar       |       |    27 |   111 |     8 ||   146
Throw: Large rock        |     2 |     1 |     9 |     5 ||    17
       Throwing net      |     1 |     1 |     1 |       ||     3
Invok: Trog's Hand       |       |     1 |     6 |       ||     7
       Berserk           |       |       |     5 |       ||     5
       Brothers in Arms  |       |       |     1 |     1 ||     2
  Use: Potion            |       |       |     1 |     1 ||     2
       Scroll            |       |       |     1 |       ||     1
  Eat: Chunk             |       |     8 |    15 |       ||    23
Armor: Robe              |    13 |    19 |    43 |     7 ||    82
Dodge: Dodged            |    16 |    24 |    93 |    17 ||   150

Table legend:
 A = Spawn XP
 B = Non-spawn XP
 C = Spawn XP percentage of total XP
 D = Spawn monster count
 E = Non-spawn monster count
 F = Spawn count percentage of total count
 G = Total turns spent on level
                    A         B        C        D         E        F      G
               +---------+---------+-------+---------+---------+-------+---------
         Total |       0 |    7596 |   0.0 |       0 |      47 |   0.0 |  1127
               +---------+---------+-------+---------+---------+-------+---------
             D |       0 |    7596 |   0.0 |       0 |      47 |   0.0 |  1127
               +---------+---------+-------+---------+---------+-------+---------
